cohdb
Replays
Latest Replays
All Replays
Popular Replays
Top Player Replays
Match Explorer
How It Works
Community
CoH3 Stats
Reddit
Sign in to upload your games and track your stats! →
Sign in with Steam
Match 45582912
Unlisted
Match 45582912
Overview
Messages
Build Orders
End
Construct Section Command Post
Selects Air and Sea Battlegroup
Dingo Light Scout Car
Infantry Section
Dingo Light Scout Car
Infantry Section
Selects Supply Surplus
Construct Resource Cache
Construct Resource Cache
Construct Resource Cache
Construct Platoon Command Post
Selects UNKNOWN (223837)
Construct Resource Cache
Construct Field Infirmary
Unlock M3 Stuart Light Tanks
M3 Stuart Light Tank
M3 Stuart Light Tank
M3 Stuart Light Tank
M3 Stuart Light Tank
M3 Stuart Light Tank
Selects Assault Flares
M3 Stuart Light Tank
M3 Stuart Light Tank
M3 Stuart Light Tank
Construct Company Command Post
Selects Commando Section Paradrop
Selects Commando Support Section Paradrop
Forward Retreat Point
Infantry Training
Jm200092
Gear-IV-G
CeleStial_
traat
IIIIIIIII
一杆大长枪
silverticket
SuperAnchovy
0
0
Comments
sign in to comment!
No comments posted yet!